 Dungeon Crawl Stone Soup version 0.25-a0-488-g03579ab (webtiles) character file.

Game seed: 7694033847432620355, levelgen mode: deterministic

773 dimmscl the Skirmisher (level 7, -4/66 HPs)
             Began as a Minotaur Fighter on Feb 10, 2020.
             Was a Follower of Okawaru.
             Slain by a phantom (5 damage)
             ... on level 5 of the Dungeon.
             The game lasted 00:10:48 (3610 turns).

dimmscl the Skirmisher (Minotaur Fighter)           Turns: 3610, Time: 00:10:49

Health: -4/66      AC:  8    Str: 22    XL:     7   Next: 53%
Magic:  6/6        EV:  8    Int:  5    God:    Okawaru [*.....]
Gold:   167        SH: 10    Dex: 10    Spells: 6/6 levels left

rFire    . . .     SeeInvis .   C - +0 spear (vamp)
rCold    . . .     Gourm    .   c - +0 kite shield
rNeg     . . .     Faith    .   b - +0 scale mail
rPois    .         Spirit   .   (helmet restricted)
rElec    .         Reflect  .   q - +0 cloak
rCorr    .         Harm     .   (no gloves)
MR       .....                  (no boots)
Stlth    ..........             (no amulet)
HPRegen  0.21/turn              (no ring)
MPRegen  0.10/turn              (no ring)

@: no status effects
A: retaliatory headbutt, horns 2
a: Heroism, Renounce Religion


You were on level 5 of the Dungeon.
You worshipped Okawaru.
Okawaru was aware of your devotion.
You were not hungry.

You visited 1 branch of the dungeon, and saw 5 of its levels.

You collected 167 gold pieces.

Inventory:

Hand Weapons
 a - a +0 long sword
 A - a +0 halberd
 B - a +0 spear
 C - a +0 vampiric spear (weapon)
Missiles
 t - 11 boomerangs (quivered)
Armour
 b - a +0 scale mail (worn)
 c - a +0 kite shield (worn)
 q - a +0 cloak (worn)
Wands
 y - a wand of disintegration (22)
Scrolls
 e - 2 scrolls of blinking {unknown}
 g - 2 scrolls of teleportation {unknown}
 i - 6 scrolls of identify {unknown}
 j - 2 scrolls of noise {unknown}
 l - 2 scrolls of immolation {unknown}
 m - 5 scrolls of remove curse {unknown}
 o - a scroll of random uselessness {unknown}
 p - a scroll of magic mapping {unknown}
 r - 2 scrolls of fear {unknown}
 w - a scroll of enchant armour {unknown}
 E - a scroll of fog {unknown}
Potions
 d - a potion of lignification {unknown}
 k - a potion of haste {unknown}
 n - a potion of heal wounds {unknown}
 s - a potion of berserk rage {unknown}
 u - 2 potions of cancellation {unknown}
 v - a potion of degeneration {unknown}
 x - a potion of resistance {unknown}
 z - a potion of flight {unknown}
 D - 2 potions of agility {unknown}
Comestibles
 f - 5 rations


   Skills:
 * Level 7.3 Fighting
 - Level 4.2 Long Blades
 + Level 2.3 Polearms
 + Level 5.8 Armour
 + Level 5.7 Shields


You had 6 spell levels left.
You didn't know any spells.
Your spell library was empty.

Dungeon Overview and Level Annotations

Branches:
Dungeon (5/15)
 Temple: D:4-7

Altars:
Fedhas
Okawaru
Vehumet


Innate Abilities, Weirdness & Mutations

You reflexively headbutt those who attack you in melee.
You have a pair of horns on your head.


Message History

The phantom hits you but does no damage.
The centaur hits you.
* * * LOW HITPOINT WARNING * * *
You hit the hound. Your headbutt misses the hound.
The hound is moderately wounded.
You block the hound's attack. The hound barely misses you.
You block the centaur's attack. The phantom barely misses you.
The hound bites you.
* * * LOW HITPOINT WARNING * * *
You closely miss the hound. Your headbutt misses the hound.
The hound is moderately wounded.
You block the hound's attack. The centaur closely misses you.
The hound bites you.
* * * LOW HITPOINT WARNING * * *
You block the hound's attack. The centaur hits you.
* * * LOW HITPOINT WARNING * * *
The phantom hits you.
* * * LOW HITPOINT WARNING * * *
The phantom hits you.
You die...

#### #.......# ....
#............. ...##
##............
#..#.###.#..........
#.##.#.....(..##.. ##
##..#....[....##.. ####
..##...........WW##.# .....
...##..<........@##.#......
#............(chh.......#
#...............###....##
#....#......#..(......##
...#..#.................#
...##..............#....#
.. #.............#.#.....
........)..........##......
. #................. ......


You could see 2 phantoms, a centaur and 2 hounds.

Vanquished Creatures
  Grinder (D:4)
  2 phantoms
  3 scorpions
  2 orc wizards (D:4)
  An iguana (D:4)
  4 gnolls
  5 adders
  An ooze (D:3)
  2 worms
  5 leopard geckos
  11 orcs
  2 giant cockroaches (D:1)
  4 goblins
  4 hobgoblins
  6 jackals
  4 kobolds
  2 quokkas
  A ball python (D:2)
  6 bats
  5 frilled lizards
  3 rats
74 creatures vanquished.

Notes
Turn   | Place    | Note
-------+----------+-------------------------------------------
     0 | D:1      | dimmscl the Minotaur Fighter began the quest for the Orb.
     0 | D:1      | Reached XP level 1. HP: 19/19 MP: 0/0
   175 | D:1      | Found an iron altar of Okawaru.
   192 | D:1      | Became a worshipper of Warmaster Okawaru
   205 | D:1      | Reached XP level 2. HP: 27/27 MP: 1/1
   227 | D:1      | Reached skill level 4 in Fighting
   400 | D:1      | Reached XP level 3. HP: 33/33 MP: 2/2
  1368 | D:3      | Noticed a scorpion
  1379 | D:3      | Killed a scorpion
  1379 | D:3      | Reached skill level 5 in Fighting
  1379 | D:3      | Reached XP level 4. HP: 3/42 MP: 3/3
  1379 | D:3      | HP: 2/42 [poisoned by a scorpion]
  1856 | D:3      | Found a radiant altar of Vehumet.
  1863 | D:3      | Reached XP level 5. HP: 48/48 MP: 4/4
  2183 | D:3      | Noticed a phantom
  2226 | D:3      | Killed a phantom
  2226 | D:3      | Reached XP level 6. HP: 34/57 MP: 5/5
  2722 | D:4      | Reached skill level 6 in Fighting
  2722 | D:4      | Reached skill level 5 in Armour
  2722 | D:4      | Reached skill level 5 in Shields
  2931 | D:4      | Found a blossoming altar of Fedhas.
  3022 | D:4      | Reached * piety under Okawaru
  3022 | D:4      | Reached skill level 1 in Polearms
  3022 | D:4      | Reached XP level 7. HP: 38/64 MP: 6/6
  3246 | D:4      | Noticed Grinder
  3269 | D:4      | Killed Grinder
  3269 | D:4      | Reached skill level 7 in Fighting
  3519 | D:5      | Entered Level 5 of the Dungeon
  3610 | D:5      | HP: 1/66 [phantom (6)]
  3610 | D:5      | Slain by a phantom

Levels and vault maps discovered:
D:1:      lightli_arrival_windingriver, layout_loops_ring,
          okawaru_ov_weapons_minmay
D:2:      layout_basic, uniq_crazy_yiuf_cottage
D:3:      layout_basic, vehumet_crystals
D:4:      layout_loops_cross, first_ration, fedhas_altar_2, uniq_grinder
D:5:      layout_layer_cave

Skill      XL: |  1  2  3  4  5  6  7 |
---------------+----------------------+-----
Fighting       | 4 5 6 7 |  7.3
Armour         | 4 5 |  5.8
Shields        | 4 5 |  5.7
Long Blades    | 3 4 |  4.2
Polearms       | 1 2 |  2.3

Action                   |  1- 3 |  4- 6 |  7- 9 || total
-------------------------+-------+-------+-------++-------
Melee: Long sword        |    65 |    85 |       ||   150
       Headbutt          |    13 |    24 |    14 ||    51
       Spear             |       |    49 |    67 ||   116
Throw: Boomerang         |       |     1 |       ||     1
  Use: Potion            |       |     3 |     1 ||     4
  Eat: Chunk             |     1 |       |       ||     1
       Ration            |       |     2 |     1 ||     3
Armor: Scale mail        |    19 |    57 |    34 ||   110
Dodge: Dodged            |    15 |    26 |    21 ||    62
Block: Kite shield       |    24 |    67 |    27 ||   118
       Rpst.: Long sword |     3 |     6 |       ||     9

Table legend:
 A = Non-vault XP
 B = Vault XP
 C = Vault XP percentage of total XP
 D = Non-vault monster count
 E = Vault monster count
 F = Vault count percentage of total count
                 A         B        C        D         E       F
            +---------+---------+-------+---------+---------+-------
      Total |     838 |     267 |  24.2 |      73 |       1 |   1.4
            +---------+---------+-------+---------+---------+-------
        D:1 |      43 |       0 |   0.0 |      16 |       0 |   0.0
        D:2 |      36 |       0 |   0.0 |      12 |       0 |   0.0
        D:3 |     321 |       0 |   0.0 |      22 |       0 |   0.0
        D:4 |     438 |     267 |  37.9 |      23 |       1 |   4.2
            +---------+---------+-------+---------+---------+-------
